[Event "*** Titled Tuesday Blitz"]
[Site "Chess.com"]
[Date "2021.03.09"]
[Round "9"]
[White "ckgchess"]
[Black "Natalya_Buksa"]
[Result "1-0"]
[WhiteElo "2752"]
[BlackElo "2533"]
[TimeControl "180+1"]
[EndTime "11:48:00 PST"]
[Termination "ckgchess won by resignation"]

1. d4 d5 2. c4 e6 3. Nf3 Nf6 4. g3 Be7 5. Bg2 O-O 6. Nc3 b6 7. cxd5 Nxd5 8. Nxd5 exd5 9. O-O Be6 10. Bf4 Nd7 11.
Rc1 c5 12. Qc2 h6 13. Rfd1 Qc8 14. Qa4 Qb7 15. Nd2 Rac8 16. e4 b5 17. Qc2 cxd4 18.
Qd3 Bf6 19. exd5 Bxd5 20. Ne4 Bxe4 21. Bxe4 Qb6 22. Bf5 Nc5 23. Qf3 Ne6 24. Bd2 Ng5 25.
Bxg5 Rxc1 26. Bxc1 Qc5 27. Bd3 Qd6 28. Qf5 g6 29. Qxb5 Kg7 30. Bf4 Qe7 31. h4 Rc8 32. Qa5 Qb7 33. Qd2 Qf3 34. Bxh6+ Kh7 35. Re1 Rb8 36.
Bf4 Rb7 37. Be4 1-0

[Event "*** Titled Tuesday Blitz"]
[Site "Chess.com"]
[Date "2021.03.09"]
[Round "9"]
[White "attack2mateU"]
[Black "kuli4ik"]
[Result "0-1"]
[WhiteElo "2745"]
[BlackElo "2911"]
[TimeControl "180+1"]
[EndTime "11:48:02 PST"]
[Termination "kuli4ik won on time"]

1. e4 e6 2. d4 d5 3. Nc3 Be7 4.
Nf3 Nf6 5. e5 Nfd7 6. h4 c5 7.
dxc5 Nc6 8. Bb5 Nxc5 9. Qd4 a6 10. Bxc6+ bxc6 11. Bg5 Nd7 12. Qg4 Kf8 13. O-O-O h6 14.
Bxe7+ Qxe7 15. Qf4 Rb8 16. a3 c5 17. Nxd5 exd5 18.
e6 Qf6 19. Qd6+ Kg8 20. Rhe1 fxe6 21. Rxe6 Qxb2+ 22. Kd2 Nf6 23. Rxf6 Qxf6 24. Qxb8 Kh7 25.
Qe5 Bg4 26. Qxf6 gxf6 27. Rb1 Re8 28. Rb7+ Kg6 29. Ng1 d4 30. f3 Be6 31. Ne2 Kf5 32. Rc7 Rc8 33. g4+ Ke5 34. Rh7 f5 35. Rxh6 fxg4 36. f4+ Kd5 37. c4+ Kxc4 38. Rxe6 Rb8 39. Ke1 Rh8 40. f5 Rxh4 41. f6 Rh5 42. Nf4 Rf5 43.
Nh5 Rxh5 0-1

[Event "*** Titled Tuesday Blitz"]
[Site "Chess.com"]
[Date "2021.03.09"]
[Round "9"]
[White "mishanick"]
[Black "GM_LOADING"]
[Result "1-0"]
[WhiteElo "2989"]
[BlackElo "2569"]
[TimeControl "180+1"]
[EndTime "11:48:02 PST"]
[Termination "mishanick won by resignation"]

1. e4 e5 2. Nf3 Nc6 3. Bb5 g6 4. c3 a6 5. Ba4 Bg7 6. d4 exd4 7. cxd4 b5 8. Bc2 d6 9. h3 Nge7 10. O-O O-O 11. a4 b4 12. Nbd2 Nxd4 13. Nxd4 Bxd4 14. Nc4 Bg7 15. Bg5 h6 16. Bh4 Re8 17. f4 Qd7 18. f5 d5 19. Ne3 d4 20. Nc4 Qc6 21. Bd3 gxf5 22. exf5 Nxf5 23. Bxf5 Bxf5 24. Rxf5 Qxc4 25. Qg4 Kh8 26. Bf6 Rg8 27. Qf4 Kh7 28. Rf1 Rae8 29. Qh4 Qe2 30. R1f2 Qe1+ 31. Kh2 Re2 32.
Bxg7 Rxg7 33. Rf6 Rg6 34. Rxf7+ Rg7 35. Rxg7+ Kxg7 36. Qf6+ Kg8 37. Qg6+ 1-0

[Event "*** Titled Tuesday Blitz"]
[Site "Chess.com"]
[Date "2021.03.09"]
[Round "9"]
[White "kleopl"]
[Black "kamilianin235"]
[Result "1-0"]
[WhiteElo "2462"]
[BlackElo "2267"]
[TimeControl "180+1"]
[EndTime "11:48:02 PST"]
[Termination "kleopl won on time"]

1. c4 e5 2. Nc3 Nf6 3. Nf3 d6 4. d4 exd4 5. Nxd4 g6 6. e4 Bg7 7. Be2 O-O 8. O-O Re8 9. f3 Nc6 10. Be3 Nd7 11. Kh1 Nc5 12. Rc1 Ne6 13. Nc2 b6 14. Nd5 Bxb2 15. Rb1 Bg7 16. Qd2 Bb7 17. Rfd1 Qd7 18. Bh6 Qd8 19. Bxg7 Nxg7 20. Nce3 Ne7 21.
Nf6+ Kh8 22. Neg4 Ng8 23. Nxe8 Qxe8 24. c5 dxc5 25. Qd7 h5 26. Qxc7 Bxe4 27. fxe4 hxg4 28. Bxg4 Nf6 29. Bf3 Ne6 30. Qe5 Kg7 31. Rd6 Qe7 32.
Rbd1 Rc8 33. Rd7 Qe8 34. Rxa7 Nd4 35. Qxe8 Rxe8 36. Rb7 Re6 37. e5 Rxe5 38. Rxb6 Rf5 39. Bb7 Ng4 40. Re1 Nf2+ 41. Kg1 Nd3 42. Re3 1-0

[Event "*** Titled Tuesday Blitz"]
[Site "Chess.com"]
[Date "2021.03.09"]
[Round "9"]
[White "SF-96"]
[Black "Nozdrachev_Vladislav"]
[Result "1/2-1/2"]
[WhiteElo "2552"]
[BlackElo "2702"]
[TimeControl "180+1"]
[EndTime "11:48:03 PST"]
[Termination "Game drawn by agreement"]

1. e4 e5 2. Nf3 Nc6 3. Bb5 a6 4. Ba4 d6 5. Bxc6+ bxc6 6. d4 exd4 7. Nxd4 Bd7 8. O-O Nf6 9. Qf3 Be7 10. e5 dxe5 11. Nxc6 Bxc6 12. Qxc6+ Nd7 13. Nc3 O-O 14. Rd1 Bd6 15. Ne4 Nf6 16. Bg5 Qe8 17. Nxf6+ gxf6 18. Qxe8 Rfxe8 19. Bxf6 Rab8 20. b3 Re6 21. Bg5 f5 22. Rd5 Kf7 23. Rad1 Kg6 24. Bc1 e4 25. g3 Be5 26.
Rd7 Bd6 27. Bb2 Rg8 28. Kf1 h5 29. Rd5 h4 30. c4 h3 31. c5 Be7 32. Rxc7 a5 33.
Re5 Rxe5 34. Bxe5 Bg5 35. c6 Rd8 36. Rd7 Rxd7 37. cxd7 Bd8 38. Ke2 Kf7 39. f3 Ke6 40.
Bc3 exf3+ 41. Kxf3 Kxd7 42. g4 Ke6 43. gxf5+ Kxf5 44.
Kg3 a4 45. bxa4 Bc7+ 46. Kxh3 Ke6 47. a5 Kd7 48. a6 Kc8 49. Kg2 Bxh2 50. Kxh2 Kb8 51.
Bd4 Ka8 52. Kg3 Kb8 53. Kf4 Ka8 54. Ke5 Kb8 55. Kd5 1/2-1/2

[Event "*** Titled Tuesday Blitz"]
[Site "Chess.com"]
[Date "2021.03.09"]
[Round "9"]
[White "PawnEatingZombie"]
[Black "InitiatingASC"]
[Result "0-1"]
[WhiteElo "2240"]
[BlackElo "2424"]
[TimeControl "180+1"]
[EndTime "11:48:03 PST"]
[Termination "InitiatingASC won on time"]

1. d4 Nf6 2. c4 g6 3. Nc3 Bg7 4. e4 d6 5. Be2 O-O 6. Be3 Nc6 7. d5 Nb8 8. Nf3 Nbd7 9. O-O e5 10. Nd2 Ne8 11. b4 f5 12. f3 f4 13. Bf2 g5 14. c5 Rf6 15. Kh1 Rg6 16. Nc4 h5 17.
a4 Ndf6 18. cxd6 cxd6 19. Nb5 Bf8 20. Nxa7 Bd7 21. Nb6 g4 22. Nxd7 Qxd7 23. Bb6 h4 24.
Qc2 h3 25. gxh3 gxf3 26. Bxf3 Qxh3 27. Qf2 Rh6 28. Rg1+ Kh8 29. Rg2 Nh5 30. Rag1 Nef6 31. a5 Ng3+ 32. Rxg3 fxg3 33. Qxg3 Qxg3 34. Rxg3 Rh4 35.
Nb5 Nxe4 36. Bxe4 Rxe4 37. Nc7 Rc8 38. b5 Rb4 39. Ra3 Rxc7 40. Bxc7 Rxb5 41. a6 bxa6 42.
Rxa6 Rxd5 43. Ra8 Kg7 44. Rd8 Be7 45. Rd7 Kf6 46. Bb8 Ke6 47. Rb7 Rd2 48. Kg1 Bg5 49. h3 e4 50. Kf1 e3 51. Rb1 Rh2 0-1

[Event "*** Titled Tuesday Blitz"]
[Site "Chess.com"]
[Date "2021.03.09"]
[Round "9"]
[White "Klavdia_Nik"]
[Black "aquaticpineapples"]
[Result "0-1"]
[WhiteElo "2036"]
[BlackElo "2221"]
[TimeControl "180+1"]
[EndTime "11:48:03 PST"]
[Termination "aquaticpineapples won by checkmate"]

1. Nf3 d5 2. c4 e6 3. b3 Nf6 4. Bb2 Be7 5. g3 O-O 6. Bg2 b6 7. O-O Bb7 8. d3 c5 9. cxd5 exd5 10.
d4 Re8 11. e3 Nbd7 12. Nc3 a6 13. Rc1 Rc8 14. h3 Qc7 15. Re1 Qb8 16. dxc5 bxc5 17.
Ne2 Qa8 18. Nf4 Ne4 19. Nh5 Bf8 20. Nh4 a5 21. Bxe4 Rxe4 22. Qc2 a4 23. Red1 axb3 24. axb3 Qa6 25. g4 Qh6 26. Nf5 Qg5 27. Nhxg7 Bxg7 28. Nxg7 d4 29. Nf5 dxe3 30. f3 Re6 31. Rf1 Qf4 32.
Kg2 e2 33. Rfe1 Qxf3+ 34. Kh2 Qg2# 0-1

[Event "*** Titled Tuesday Blitz"]
[Site "Chess.com"]
[Date "2021.03.09"]
[Round "9"]
[White "SimplyDevina"]
[Black "allvim"]
[Result "1-0"]
[WhiteElo "2216"]
[BlackElo "2345"]
[TimeControl "180+1"]
[EndTime "11:48:04 PST"]
[Termination "SimplyDevina won by resignation"]

1. d4 Nf6 2. c4 g6 3. Nc3 d5 4.
cxd5 Nxd5 5. e4 Nxc3 6. bxc3 Bg7 7. Nf3 O-O 8. Rb1 c5 9. Be2 Qa5 10. O-O Qxc3 11. d5 Qa5 12. Be3 Qc7 13. Qc1 b6 14. Bh6 Ba6 15. Bxg7 Kxg7 16. Bxa6 Nxa6 17. e5 Rad8 18.
Qc4 Qb7 19. Rfd1 Nb4 20. d6 exd6 21. exd6 Rfe8 22. a3 Nc6 23. Qxc5 Qd7 24. Qc3+ Kg8 25. h3 Re6 26. Rbc1 Na5 27. Ne5 Qb5 28. Qc7 Rf8 29. d7 Qxe5 30. Qxe5 Rxe5 31. d8=Q Rxd8 32. Rxd8+ Kg7 33.
Rd7 Re2 34. Rcc7 Re1+ 35. Kh2 Nb3 36. Rxf7+ Kh6 37. h4 Kh5 38. Kg3 g5 39. Rxh7+ Kg6 40. h5+ Kf5 41. Rhf7+ Ke4 42. Rfe7+ Kd3 43. Rxe1 1-0

[Event "*** Titled Tuesday Blitz"]
[Site "Chess.com"]
[Date "2021.03.09"]
[Round "9"]
[White "ErikRonka"]
[Black "Nuvas"]
[Result "0-1"]
[WhiteElo "2406"]
[BlackElo "2570"]
[TimeControl "180+1"]
[EndTime "11:48:05 PST"]
[Termination "Nuvas won on time"]

1. d4 d5 2. c4 c6 3. Nc3 Nf6 4. e3 e6 5. Nf3 Nbd7 6. b3 Bd6 7.
Be2 e5 8. cxd5 cxd5 9. dxe5 Nxe5 10. O-O O-O 11. Nxd5 Be6 12. Nxf6+ Qxf6 13. Nd4 Nc6 14. Bb2 Be5 15. f4 Bxd4 16. Bxd4 Nxd4 17. Qxd4 Qe7 18.
e4 Rfd8 19. Qe3 f6 20. Rfd1 Qa3 21. h3 Qb2 22. Bc4 Bxc4 23. bxc4 Rxd1+ 24. Rxd1 Qxa2 25. Rd7 Qxc4 26. Rxb7 a5 27. e5 Qd5 28. Rc7 fxe5 29. fxe5 Re8 30. Rc5 Qd1+ 31. Kh2 a4 32. e6 Qd6+ 33.
Qe5 Qxe5+ 34. Rxe5 Ra8 35. e7 Kf7 36. e8=Q+ Rxe8 37. Ra5 Re4 38. Kg3 h6 39. Kf3 Rb4 40. g3 Kg6 41. h4 Kf6 42. g4 Rc4 0-1

[Event "*** Titled Tuesday Blitz"]
[Site "Chess.com"]
[Date "2021.03.09"]
[Round "9"]
[White "Milchone1"]
[Black "lucachess49"]
[Result "1-0"]
[WhiteElo "2535"]
[BlackElo "2397"]
[TimeControl "180+1"]
[EndTime "11:48:05 PST"]
[Termination "Milchone1 won by resignation"]

1. Nf3 Nf6 2. c4 e6 3. g3 d5 4.
Bg2 c5 5. O-O Nc6 6. cxd5 exd5 7. d4 Bg4 8. Bg5 h6 9. Bxf6 Qxf6 10. Nc3 Rd8 11. dxc5 d4 12. Ne4 Qg6 13. Nh4 Qe6 14.
f3 Bh3 15. Bxh3 Qxh3 16. Qb3 Qd7 17. Rad1 Be7 18. Nd6+ Bxd6 19. cxd6 O-O 20. Ng2 Rfe8 21. Nf4 Qxd6 22. Qxb7 Rb8 23. Qa6 Rxb2 24. Rf2 Rb6 25. Qa4 Qe5 26. Kf1 g5 27. Nd3 Qf6 28. Rc1 Reb8 29.
f4 Rb1 30. Rxb1 Rxb1+ 31. Kg2 g4 32. Qc2 Rb6 33. Qc5 Qe6 34. Ne5 Nxe5 35. fxe5 Qc6+ 36. Qxc6 Rxc6 37. Rf4 h5 38. Rxd4 Rc2 39. Kf2 Rxa2 40. Rd8+ Kg7 41. Rd7 Kg6 42. Rd6+ Kf5 43. Rf6+ Kxe5 44.
Rxf7 a5 45. Rh7 a4 46. Rxh5+ Ke4 47. Rg5 a3 48. Rxg4+ Kf5 49. Ra4 Ra1 50. h4 a2 51.
g4+ Kg6 52. Ra6+ Kg7 53. h5 Kh7 54. Kg2 Kg7 55. g5 Kf7 56. h6 Kg8 57. g6 Kf8 58. Ra8+ Ke7 59. h7 1-0

[Event "*** Titled Tuesday Blitz"]
[Site "Chess.com"]
[Date "2021.03.09"]
[Round "9"]
[White "Oglob71"]
[Black "S-Fazulyanov"]
[Result "1-0"]
[WhiteElo "2408"]
[BlackElo "2487"]
[TimeControl "180+1"]
[EndTime "11:48:07 PST"]
[Termination "Oglob71 won by resignation"]

1. d4 d5 2. Nf3 Nf6 3. c4 e6 4. Qc2 Nbd7 5. Bg5 Be7 6. e3 O-O 7. cxd5 exd5 8. Nc3 c6 9. Bd3 Re8 10. O-O Nf8 11. h3 Ne4 12. Bf4 f5 13. Ne5 Bd6 14. f3 Nxc3 15. bxc3 Qf6 16. c4 Ng6 17. Nxg6 hxg6 18.
Bxd6 Qxd6 19. c5 Qf6 20. Qf2 Bd7 21. Rab1 Rab8 22. Rb3 Re7 23. Rfb1 Bc8 24. f4 Qe6 25. Be2 Qd7 26. g4 Qc7 27. g5 b6 28. h4 b5 29.
h5 gxh5 30. Bxh5 Re6 31. Qh4 g6 32. Bf3 Qg7 33. Kf2 Bd7 34. a4 a6 35. Qh1 Ree8 36. a5 Kf7 37. Qg2 Rh8 38. Rh1 Rxh1 39. Qxh1 Be6 40.
Rb1 Rh8 41. Qg2 Qh7 42. Ke2 Qh2 43. Kd3 Qxg2 44. Bxg2 Rh2 45. Rb2 Ke7 46. Kc3 Kd7 47. Bxd5 Rxb2 48. Bxe6+ Kxe6 49. Kxb2 Kd5 50. Kc3 Ke4 51. Kb4 Kd5 52. Kb3 Ke4 53. Kc3 Kd5 54.
Kd3 Ke6 55. e4 fxe4+ 56. Kxe4 b4 57. Kd3 Kf5 58. d5 cxd5 59. c6 Ke6 60. c7 Kd7 61.
f5 b3 62. fxg6 b2 63. Kc2 Kxc7 64. g7 1-0

[Event "*** Titled Tuesday Blitz"]
[Site "Chess.com"]
[Date "2021.03.09"]
[Round "9"]
[White "Trickov"]
[Black "Oligan22"]
[Result "1-0"]
[WhiteElo "2387"]
[BlackElo "2479"]
[TimeControl "180+1"]
[EndTime "11:48:07 PST"]
[Termination "Trickov won on time"]

1. d4 d6 2. Nf3 Bg4 3. g3 Bxf3 4. exf3 Nd7 5. f4 d5 6. Bg2 e6 7. O-O g6 8. Re1 c6 9. Nd2 Bg7 10. Nf3 Ne7 11. Ne5 O-O 12. b3 c5 13.
Bb2 Rc8 14. Rc1 Nf5 15. dxc5 Nxc5 16. Ba3 Qe7 17. c4 dxc4 18. Rxc4 b6 19. Nc6 Qc7 20. b4 Nb7 21. b5 Nbd6 22. Rc1 h5 23.
h3 Nxb5 24. Bxf8 Bxf8 25. Qa4 Nbd6 26. Qxa7 Qxa7 27. Nxa7 Rb8 28. Nc6 Rd8 29. Red1 Rc8 30. g4 hxg4 31. hxg4 Nh4 32. Rxd6 Bxd6 33. Ne7+ Bxe7 34.
Rxc8+ Kg7 35. Rb8 Bc5 36. a4 g5 37. fxg5 Ng6 38. Rc8 Ne5 39. a5 Nxg4 40. a6 Bxf2+ 41. Kf1 1-0

[Event "*** Titled Tuesday Blitz"]
[Site "Chess.com"]
[Date "2021.03.09"]
[Round "9"]
[White "Blitzking642"]
[Black "PetrolulSah"]
[Result "1-0"]
[WhiteElo "2419"]
[BlackElo "2210"]
[TimeControl "180+1"]
[EndTime "11:48:07 PST"]
[Termination "Blitzking642 won by resignation"]

1. e4 e5 2. Nf3 Nc6 3. d4 exd4 4.
Nxd4 Nf6 5. Nxc6 bxc6 6. Qe2 Qe7 7. Nc3 Qe6 8. Bd2 Bb4 9. a3 Bxc3 10. Bxc3 O-O 11. f3 d5 12. exd5 cxd5 13. Qxe6 fxe6 14. Be5 Ne8 15. Bd3 c5 16. c4 Ba6 17. Rc1 Rd8 18. Ke2 Nd6 19. cxd5 c4 20. Bb1 exd5 21. Kf2 Nf5 22. Rhd1 d4 23. Bxf5 Rxf5 24. Rxd4 Rxd4 25. Bxd4 Rd5 26. Bc3 Bb5 27. Re1 Rd7 28. Re5 a6 29. Rc5 Kf7 30. h4 g6 31. h5 gxh5 32. Rxh5 Kg6 33. Rc5 Re7 34. g4 Rd7 35. f4 Re7 36. f5+ Kf7 37. g5 Re4 38. Kf3 Rh4 39. Rc7+ Kf8 40. Bb4+ Kg8 41. f6 Be8 42. Re7 Bg6 43. Rg7+ Kh8 44. Rxg6 Rh3+ 45. Kg4 hxg6 1-0

[Event "*** Titled Tuesday Blitz"]
[Site "Chess.com"]
[Date "2021.03.09"]
[Round "9"]
[White "Durarbayli"]
[Black "Alexsur1981"]
[Result "1-0"]
[WhiteElo "2698"]
[BlackElo "2826"]
[TimeControl "180+1"]
[EndTime "11:48:10 PST"]
[Termination "Durarbayli won on time"]

1. e4 c5 2. Nf3 e6 3. d4 cxd4 4. Nxd4 Nf6 5. Nc3 Nc6 6. Nxc6 bxc6 7. e5 Nd5 8. Ne4 Qc7 9. f4 Rb8 10. Bd3 Qb6 11. c4 Ne3 12. Qe2 Nf5 13. Qf2 c5 14.
O-O Bb7 15. b3 Be7 16. g4 Nd4 17. f5 Rf8 18. f6 gxf6 19. exf6 Bd6 20. Bh6 Rg8 21.
Bg7 Bf8 22. Rae1 Qc6 23. Qh4 Bxg7 24. Qxh7 Kf8 25. fxg7+ Rxg7 26. Qh6 Nf5 27. Qf4 Rd8 28. h3 d5 29. cxd5 Qxd5 30. Bc4 Qd4+ 31. Rf2 Bxe4 32.
Rxe4 Qa1+ 33. Kh2 Nd6 34. Rxe6 Nxc4 35. bxc4 Qd4 36. Re4 1-0

[Event "*** Titled Tuesday Blitz"]
[Site "Chess.com"]
[Date "2021.03.09"]
[Round "9"]
[White "Balla_Tamas"]
[Black "Eloist"]
[Result "0-1"]
[WhiteElo "2446"]
[BlackElo "2342"]
[TimeControl "180+1"]
[EndTime "11:48:10 PST"]
[Termination "Eloist won by resignation"]

1. d4 e6 2. e4 d5 3. Nd2 Nf6 4. e5 Nfd7 5. f4 c5 6. c3 Nc6 7. Ndf3 Qb6 8. Ne2 Be7 9. g3 a5 10.
Bh3 cxd4 11. cxd4 a4 12. O-O Qa7 13. Be3 Nb6 14. b3 axb3 15. axb3 Qxa1 16. Qxa1 Rxa1 17. Rxa1 Nb4 18. Bd2 O-O 19. Bf1 Bd7 20. Bxb4 Bxb4 21. Ra7 Rb8 22. Nc1 Bc6 23. Nd3 Bc3 24. Nc5 Ra8 25.
Rxa8+ Nxa8 26. Kf2 Nc7 27. Ke3 Kf8 28. g4 h6 29. f5 Ke7 30. h4 b6 31. Nd3 Bb5 32. Bh3 Na6 33. Nf4 Nb4 34. fxe6 fxe6 35. g5 Nc2+ 36. Kf2 Nxd4 37. Nxd4 Bxd4+ 38. Kf3 Bxe5 39. Ng6+ Kd6 40. Nf8 Bd3 41. Nxe6 Be4+ 42. Ke2 Bc2 43. b4 d4 44. Kd2 d3 45. Nf8 Kd5 46. Bf5 Kc4 47. Nd7 Bf4+ 48. Ke1 d2+ 0-1

[Event "*** Titled Tuesday Blitz"]
[Site "Chess.com"]
[Date "2021.03.09"]
[Round "9"]
[White "AurumO"]
[Black "Mbneu"]
[Result "1-0"]
[WhiteElo "2020"]
[BlackElo "2278"]
[TimeControl "180+1"]
[EndTime "11:48:10 PST"]
[Termination "AurumO won on time"]

1. e4 c5 2. c3 Nf6 3. e5 Nd5 4.
Nf3 b6 5. Bc4 e6 6. d4 Ba6 7.
Bxa6 Nxa6 8. c4 Ndb4 9. d5 Nb8 10.
a3 N4a6 11. O-O d6 12. dxe6 fxe6 13. Bg5 Qd7 14. Re1 Nc7 15. Nc3 d5 16. cxd5 Nxd5 17. Nxd5 Qxd5 18. Qa4+ Qc6 19. Qf4 h6 20. Rad1 Nd7 21.
Bh4 Be7 22. Bxe7 Kxe7 23. Qh4+ Kf7 24. Re4 Rhf8 25. Rf4+ Kg8 26. Rd6 Qc7 27. Rxe6 Rfe8 28. Rxe8+ Rxe8 29. e6 Ne5 30. Nxe5 Qxe5 31. Re4 Qxb2 32.
h3 Qxa3 33. Qf4 c4 34. Qf7+ Kh7 35. Qxe8 Qa1+ 36. Kh2 Qb1 37. Qc6 c3 38. Rc4 Qf5 39. Qe4 1-0

[Event "*** Titled Tuesday Blitz"]
[Site "Chess.com"]
[Date "2021.03.09"]
[Round "9"]
[White "lelya96"]
[Black "david_alex"]
[Result "0-1"]
[WhiteElo "2231"]
[BlackElo "2095"]
[TimeControl "180+1"]
[EndTime "11:48:10 PST"]
[Termination "david_alex won by resignation"]

1. d4 Nf6 2. Nf3 e6 3. Bg5 d5 4. e3 Be7 5. Bd3 h6 6. Bh4 O-O 7. O-O c5 8. c3 Nc6 9. Nbd2 b6 10.
Qe2 Bb7 11. Ne5 Nxe5 12. dxe5 Ne4 13. Bxe7 Qxe7 14. Bxe4 dxe4 15. Qg4 Qg5 16. Qxg5 hxg5 17. Nc4 f6 18. Rad1 Rad8 19. Rd6 Rxd6 20. Nxd6 Bc6 21.
exf6 gxf6 22. Rd1 Rd8 23. Kf1 Kf8 24. Ke1 b5 25. c4 a6 26. cxb5 axb5 27. f3 exf3 28.
gxf3 Bxf3 29. Rd2 Bc6 30. Ne4 Rxd2 31. Nxd2 Ke7 32. Nb3 Kd6 33. Kf2 Bd5 34. Nc1 f5 35. a3 Be4 36. Ne2 Ke5 37. Nc3 Bd3 38. h3 f4 39. Nd1 Kf5 40. Nc3 e5 41. Nd5 g4 42.
hxg4+ Kxg4 43. Nf6+ Kf5 44. Nd7 c4 45. Nc5 e4 46.
Nd7 f3 47. Nc5 Ke5 48. Nd7+ Kd6 49. Nf6 Kc5 50. Nd7+ Kc6 51. Ne5+ Kb6 52. Nd7+ Ka5 53. Ne5 Ka4 54. Nc6 Kb3 55. Nd4+ Kxb2 56. Nxb5 c3 0-1

[Event "*** Titled Tuesday Blitz"]
[Site "Chess.com"]
[Date "2021.03.09"]
[Round "9"]
[White "GMKrikor"]
[Black "jaskol95"]
[Result "1-0"]
[WhiteElo "2695"]
[BlackElo "2430"]
[TimeControl "180+1"]
[EndTime "11:48:11 PST"]
[Termination "GMKrikor won by resignation"]

1. Nf3 Nf6 2. c4 g6 3. Nc3 Bg7 4. e4 c5 5. d4 cxd4 6. Nxd4 d6 7. Be2 O-O 8. O-O Nc6 9. Be3 a6 10. Rc1 Bd7 11. h3 Nxd4 12. Bxd4 Bc6 13. Qc2 Qd7 14. b4 Rfc8 15. Rcd1 Qc7 16. Rfe1 e6 17. Bf1 Nd7 18. Bxg7 Kxg7 19. Qd2 Ne5 20. f4 Nxc4 21. Bxc4 Be8 22. f5 Qxc4 23. Re3 Qxb4 24. Rf1 Bb5 25. f6+ Kg8 26.
Rf2 Qc5 27. Rg3 Qh5 28. Kh2 Rc5 29. Qxd6 Rac8 30. Rd2 Qe5 31. Qe7 h6 32. Rd8+ Rxd8 33. Qxd8+ Kh7 34. Qe7 Kg8 35. Qd8+ Kh7 36. Qf8 Qxf6 37.
Qxc5 Bc6 38. Qe3 h5 39. Kg1 1-0

[Event "*** Titled Tuesday Blitz"]
[Site "Chess.com"]
[Date "2021.03.09"]
[Round "9"]
[White "SergeyShtyka"]
[Black "GoltsevDmitry2000"]
[Result "0-1"]
[WhiteElo "2428"]
[BlackElo "2689"]
[TimeControl "180+1"]
[EndTime "11:48:11 PST"]
[Termination "GoltsevDmitry2000 won on time"]

1. e4 c5 2. Nf3 e6 3. d4 cxd4 4. Nxd4 a6 5. Nc3 Qc7 6. Bd3 Nf6 7. O-O Nc6 8. Be3 h5 9. h3 Bd6 10. Be2 Bf4 11. Qd2 Bxe3 12. Qxe3 d6 13. Rad1 Bd7 14. f4 Qb6 15. Nf5 Qxe3+ 16. Nxe3 Ke7 17. Nc4 Nb4 18. Nxd6 Nxc2 19. e5 Ne8 20. Rd2 Nb4 21. a3 Nc6 22.
Rfd1 Nxd6 23. Rxd6 Rhd8 24. Bxh5 g6 25. Bf3 Na5 26.
Be2 Rac8 27. h4 Rc7 28. g4 Rdc8 29. h5 gxh5 30. gxh5 Bc6 31. Kf2 Rg8 32. Rg1 Rcc8 33. Rdd1 Nb3 34. Rxg8 Rxg8 35. Rg1 Rh8 36. Ke3 Nc5 37. Rg5 Nd7 38. Bf3 Bxf3 39. Kxf3 Nb6 40. b3 Nd7 41. Ne4 Nb6 42. Kg4 Nd5 43. Kf3 b6 44. b4 b5 45. Kg4 Ne3+ 46. Kf3 Nc2 47. Nf6 Nxa3 48. Rg8 Rxg8 49. Nxg8+ Kf8 50. Nf6 Nc2 51.
h6 Nxb4 52. Kg4 a5 53. f5 a4 54. fxe6 fxe6 55. Nd7+ Kg8 56. Nc5 a3 57. Nb3 Nc2 58. Kf3 a2 59. Ke4 Kh7 60. Kd3 a1=Q 61. Nxa1 Nxa1 62.
Kc3 Kxh6 63. Kb2 Kg5 64. Kxa1 Kf5 0-1

[Event "*** Titled Tuesday Blitz"]
[Site "Chess.com"]
[Date "2021.03.09"]
[Round "9"]
[White "Grineva_Marianna"]
[Black "FMalexhdez"]
[Result "1-0"]
[WhiteElo "2285"]
[BlackElo "2173"]
[TimeControl "180+1"]
[EndTime "11:48:11 PST"]
[Termination "Grineva_Marianna won on time"]

1. e4 c5 2. Nf3 d6 3. d4 cxd4 4. Nxd4 Nf6 5. Nc3 a6 6. f3 e5 7.
Nb3 Be6 8. Be3 Nbd7 9. g4 Nb6 10.
Na5 Qc7 11. g5 Nfd7 12. Qd2 Rc8 13. O-O-O Nc5 14. h4 Nba4 15. Nd5 Bxd5 16. exd5 Be7 17. Bh3 Nd7 18. Rh2 Nab6 19. Qb4 Rb8 20. f4 exf4 21. Bxf4 O-O 22. Re1 Ne5 23. Bf5 Rfe8 24. Rhe2 Bf8 25. Kb1 g6 26. Bh3 Bg7 27. a3 Red8 28.
h5 Nbc4 29. Nxc4 Qxc4 30. Bxe5 Qxb4 31. axb4 Bxe5 32. hxg6 fxg6 33. Be6+ Kg7 34. Rf1 Rf8 35. Ref2 Rxf2 36. Rxf2 Rf8 37. Rg2 Rf1+ 38. Ka2 h6 39.
c3 h5 40. Kb3 h4 41. Rg4 Rf4 42. Rg1 Rf3 43. Rh1 1-0

[Event "*** Titled Tuesday Blitz"]
[Site "Chess.com"]
[Date "2021.03.09"]
[Round "9"]
[White "AlexPapasimakopoulos"]
[Black "alexrustemov"]
[Result "1-0"]
[WhiteElo "2612"]
[BlackElo "2752"]
[TimeControl "180+1"]
[EndTime "11:48:14 PST"]
[Termination "AlexPapasimakopoulos won by resignation"]

1. d4 g6 2. e4 Bg7 3. c4 d6 4. Nc3 e5 5. Nge2 Nc6 6. Be3 Nh6 7. f3 f5 8. Qd2 f4 9. Bf2 O-O 10. d5 Ne7 11. Nc1 b6 12. Nd3 g5 13. h3 a5 14.
O-O-O Ng6 15. b3 Bd7 16. Kb2 Nf7 17. Be2 h5 18. a3 Bf6 19. b4 Kg7 20. Ra1 Rh8 21.
c5 axb4 22. axb4 bxc5 23. bxc5 Qb8+ 24. Kc2 Rxa1 25. Rxa1 g4 26. hxg4 hxg4 27. c6 Bc8 28.
Ba7 Qa8 29. fxg4 Rh2 30. Bf3 Ng5 31. Nf2 Nh4 32. Qe2 Nxg2 33. Bxg2 Rxg2 34. Nb5 Bxg4 35.
Qf1 Bf3 36. Kd3 Qc8 37. Nc3 Qh8 38. Rb1 Qh2 39. Rb7 Rg1 40. Rxc7+ Kg6 41. Qxg1 Qxg1 42. Rd7 Bg4 43. Nxg4 Qxg4 44. Rxd6 Qf3+ 45. Kc4 Nxe4 46. Nxe4 Qxe4+ 47. Kb5 Qb1+ 48. Ka6 Qc2 49. Kb7 f3 50. c7 Qb3+ 51. Rb6 Qxd5+ 52. Kb8 Qc5 53. Rxf6+ Kxf6 54. Bxc5 Kf5 55. c8=Q+ Ke4 1-0

[Event "*** Titled Tuesday Blitz"]
[Site "Chess.com"]
[Date "2021.03.09"]
[Round "9"]
[White "PushingpawnsNYC"]
[Black "mariofs"]
[Result "1-0"]
[WhiteElo "2303"]
[BlackElo "2194"]
[TimeControl "180+1"]
[EndTime "11:48:15 PST"]
[Termination "PushingpawnsNYC won on time"]

1. e4 c6 2. d4 d5 3. exd5 cxd5 4. Bd3 Nc6 5. c3 Nf6 6. h3 e6 7. Nf3 Bd6 8. Qe2 Qc7 9. O-O O-O 10. Re1 a6 11. Ne5 Bxe5 12. dxe5 Nd7 13. Bf4 b5 14. Qh5 g6 15. Qg5 b4 16. Nd2 bxc3 17. bxc3 Re8 18.
Nf3 Ne7 19. Qh6 Qxc3 20. Rad1 Nf5 21. Bxf5 exf5 22. e6 fxe6 23. Ne5 Ra7 24. Rc1 Qb2 25. Nc6 Rb7 26. Ne5 Ra7 27. Rc6 Nf8 28. Nd3 Qg7 29. Qh4 Bd7 30. Be5 Qe7 31. Bf6 Qf7 32. Rd6 Bb5 33.
Ne5 Qb7 34. Qh6 a5 35. Rd7 Qxd7 36. Nxd7 Rxd7 37. Be5 Bc4 38. a3 Rb7 39. Qh4 Rc8 40. Qf6 Ra8 41. Qh8+ Kf7 42. Qg7+ Ke8 43. Qxb7 1-0

[Event "*** Titled Tuesday Blitz"]
[Site "Chess.com"]
[Date "2021.03.09"]
[Round "9"]
[White "MasterMK73"]
[Black "cukin84"]
[Result "1-0"]
[WhiteElo "2291"]
[BlackElo "2113"]
[TimeControl "180+1"]
[EndTime "11:48:15 PST"]
[Termination "MasterMK73 won by resignation"]

1. d4 f5 2. Bf4 Nf6 3. Nf3 g6 4. h4 h5 5. e3 d6 6. Bc4 c6 7. Nbd2 Ng4 8. c3 b5 9. Bb3 d5 10. Ne5 Nxe5 11. Bxe5 Rg8 12. Nf3 Nd7 13. a4 e6 14.
axb5 cxb5 15. Qe2 Qb6 16. O-O Be7 17. Bg3 Kf7 18. Nd2 a5 19. f3 Ba6 20. Bc2 Nf6 21. e4 b4 22. Bd3 dxe4 23. fxe4 Bxd3 24. Qxd3 Qa6 25. Qf3 Qb7 26. exf5 Qxf3 27. fxe6+ Kg7 28. Nxf3 bxc3 29. bxc3 Ne4 30. Be5+ Kh6 31. d5 Rgd8 32. c4 a4 33. Rae1 Bc5+ 34. Kh2 Nf2 35. Ng5 Ng4+ 36. Kg3 Nxe5 37. Rxe5 Bd6 38. Nf7+ Kg7 39. Nxd6 Rxd6 40. Rf7+ Kg8 41. Rb7 a3 42. e7 Re8 43. Ra7 Kf7 44.
Rxa3 Rxe7 45. Rf3+ Ke8 46. Rfe3 Rxe5 47. Rxe5+ Kd7 48. c5 Rf6 49. c6+ Kc7 50. Re7+ Kd6 51. Re6+ 1-0

[Event "*** Titled Tuesday Blitz"]
[Site "Chess.com"]
[Date "2021.03.09"]
[Round "9"]
[White "Beca95"]
[Black "Anna_ChessMate"]
[Result "1/2-1/2"]
[WhiteElo "2862"]
[BlackElo "2582"]
[TimeControl "180+1"]
[EndTime "11:48:16 PST"]
[Termination "Game drawn by repetition"]

1. d4 d5 2. Nf3 Nf6 3. c4 c6 4. Nc3 dxc4 5. a4 Bf5 6. Ne5 Nbd7 7. Nxc4 Qc7 8. Bg5 Ne4 9. Nxe4 Bxe4 10. f3 Bg6 11. e4 e5 12. Rc1 f6 13. Be3 exd4 14.
Qxd4 Bc5 15. Qc3 Bxe3 16. Nxe3 O-O 17. Bc4+ Kh8 18. O-O Ne5 19. Be2 Rad8 20. a5 a6 21. b4 Bf7 22. f4 Ng6 23. g3 Rfe8 24. Bf3 Nf8 25. Nf5 Bg6 26. Rfe1 Ne6 27. h4 Qf7 28. Rcd1 Bxf5 29. exf5 Nc7 30. h5 Nb5 31. Qc5 Rxe1+ 32. Rxe1 Nd4 33. Bd1 h6 34. Kg2 Qa2+ 35. Kh3 Qf2 36. Qe7 Rg8 37. Bg4 Nf3 38. Bxf3 Qxf3 39. Qe2 Qd5 40. Qe4 Qd2 41. Re2 Qd1 42. Kh4 Rd8 43. Qf3 Kh7 44. Qe4 Rd4 45. Qe8 Qh1+ 46. Kg4 Qd1 47. Kh4 Qh1+ 48. Kg4 Qd1 49. Qg6+ Kh8 50.
Qe8+ Kh7 1/2-1/2